 Dungeon Crawl Stone Soup version 0.21.1-1-g345015fe64 (webtiles) character file.

121 Gargoyl the Skirmisher (level 4, 0/40 HPs)
             Began as a Centaur Abyssal Knight on July 5, 2018.
             Was a Follower of Lugonu.
             Slain by an orc wizard
             ... wielding a +0 dagger
              (1 damage)
             ... on level 3 of the Dungeon.
             The game lasted 00:04:11 (3024 turns).

Gargoyl the Skirmisher (Centaur Abyssal Knight)     Turns: 3024, Time: 00:04:13

Health: 0/40       AC:  8    Str: 14    XL:     4   Next: 77%
Magic:  5/6        EV:  4    Int: 11    God:    Lugonu [*.....]
Gold:   124        SH:  0    Dex: 10    Spells: 3/3 levels left

rFire    . . .     SeeInvis +   a - +1 hand axe
rCold    . . .     Gourm    .   (no shield)
rNeg     . . .     Faith    .   e - +1 chain mail
rPois    .         Spirit   .   (no helmet)
rElec    .         Reflect  .   (no cloak)
rCorr    .         Harm     .   (no gloves)
MR       .....                  (no barding)
Stlth    ..........             (no amulet)
HPRegen  0.13/turn              d - ring of see invisible
MPRegen  0.10/turn              (no ring)

@: slowed
A: large, hooves 3, deformed body, speed 2, tough skin 3
a: Depart the Abyss, Renounce Religion


You were on level 3 of the Dungeon.
You worshipped Lugonu.
Lugonu was aware of your devotion.
You were not hungry.

You visited 1 branch of the dungeon, and saw 3 of its levels.
You visited the Abyss 1 time.

You collected 124 gold pieces.

Inventory:

Hand Weapons
 a - a +1 hand axe (weapon)
Missiles
 f - 4 javelins of penetration (quivered)
 l - 5 tomahawks
Armour
 e - a +1 chain mail (worn)
Jewellery
 d - a ring of see invisible (left hand)
 u - a +4 ring of evasion {unknown}
Scrolls
 h - a scroll of blinking
 i - 4 scrolls of identify
 j - a scroll of amnesia
 n - a scroll of remove curse
 q - a scroll of teleportation {unknown}
 r - a scroll of fog {unknown}
 s - a scroll of enchant weapon {unknown}
Potions
 b - 2 potions of curing {unknown}
 g - a potion of heal wounds
 k - a potion of agility {unknown}
 m - a potion of magic {unknown}
 o - a potion of lignification {unknown}
 p - a potion of haste
 t - a potion of berserk rage {unknown}
Comestibles
 c - 3 rations
 v - 4 chunks of flesh


   Skills:
 + Level 3.8 Fighting
 + Level 2.6 Axes
 * Level 2.4 Armour
 + Level 0.7 Dodging
 * Level 2.7 Invocations


You had 3 spell levels left.
You didn't know any spells.

Dungeon Overview and Level Annotations

Branches:
Dungeon (3/15)

Altars:


Innate Abilities, Weirdness & Mutations

You have hooves in place of feet.
Armour fits poorly on your strangely shaped body.
You cover ground very quickly.
You have extremely tough skin. (AC +3)


Message History

You closely miss the orc priest.
You kick the orc priest, but do no damage.
The orc priest is severely wounded.
Your chain mail prevents you from hitting the orc wizard.
The orc wizard hits you but does no damage.
The orc priest hits you but does no damage.
The orc wizard hits you but does no damage.
The orc priest calls down the wrath of Beogh upon you.
Pain shoots through your body!
* * * LOW HITPOINT WARNING * * *
The orc wizard hits you with a dagger.
* * * LOW HITPOINT WARNING * * *
Unknown command.
Your chain mail prevents you from hitting the orc priest.
You kill the orc priest!
Lugonu accepts your kill.
You closely miss the orc wizard. The orc wizard hits you with a dagger.
* * * LOW HITPOINT WARNING * * *
The orc wizard hits you with a dagger.
You die...

................## #####
#......##.# #......##[#
###....##.######
#............#
#..........^.#
#............##.
#.......).......
#.......@o......
#####.........#.....
#.............#####+
#######.###.......#
...<>.#.# #.......#
#####.#.###.......# ####
....(.............# ....
#####.#+###......(# ####
....#.............#######


You could see an orc wizard.

Vanquished Creatures
  An orc priest (D:3)
  3 gnolls (D:2)
  A worm (D:2)
  A dart slug (D:2)
  A leopard gecko (D:2)
  4 orcs
  2 ball pythons
  5 bats
  5 giant cockroaches
  6 goblins
  9 hobgoblins
  5 kobolds
  A quokka (D:3)
  4 frilled lizards
  2 rats (D:2)
50 creatures vanquished.

Notes
Turn   | Place    | Note
-------+----------+-------------------------------------------
     0 | Abyss:1  | Gargoyl the Centaur Abyssal Knight began the quest for the Orb.
     0 | Abyss:1  | Reached XP level 1. HP: 19/19 MP: 2/2
    22 | Abyss:2  | Found a corrupted altar of Lugonu.
    99 | Abyss:3  | Noticed a flying skull
   101 | Abyss:3  | Noticed a demonic crawler
   101 | Abyss:3  | Noticed a storm dragon simulacrum
   102 | D:1      | Escaped the Abyss
   336 | D:1      | Reached XP level 2. HP: 26/26 MP: 3/3
   368 | D:1      | Reached * piety under Lugonu
   780 | D:2      | Reached XP level 3. HP: 5/33 MP: 4/4
   818 | D:2      | HP: 1/33 [gnoll/club (4)]
   828 | D:2      | HP: 1/33 [ball python (1)]
   842 | D:2      | HP: 1/33 [hobgoblin/club (1)]
  1363 | D:2      | Reached XP level 4. HP: 39/40 MP: 5/5
  3023 | D:3      | HP: 2/40 [orc wizard/dagger (3)]
  3024 | D:3      | Slain by an orc wizard

Skill      XL: |  1  2  3 |
---------------+----------+-----
Axes           | 2 |  2.6
Armour         | 2 |  2.4
Fighting       | |  3.8
Dodging        | |  0.7
Invocations    | |  2.7

Action                   |  1- 3 |  4- 6 || total
-------------------------+-------+-------++-------
Melee: Hand axe          |    87 |    65 ||   152
       Kick              |    16 |     7 ||    23
Invok: Depart the Abyss  |     1 |       ||     1
  Use: Potion            |     3 |     1 ||     4
       Scroll            |     4 |     1 ||     5
  Eat: Chunk             |       |     3 ||     3
       Ration            |       |     1 ||     1
Armor: Chain mail        |    74 |    80 ||   154
Dodge: Dodged            |    23 |    23 ||    46
